Unix NetHack Version 3.7.0-50 Work-in-progress - last build Feb 16 2022 05:10:45. Game began 2022-02-16 22:57:45, ended 2022-02-16 23:00:31. Gandelf, neutral male human Monk ..%| .%.-----. .<........ ...)...---. ........h. ...%).... ....... .... Gandelf the Novice St:18 Dx:13 Co:9 In:11 Wi:14 Ch:10 Neutral S:449 Dlvl:4 $:19 HP:0(23) Pw:5(10) AC:2 Xp:3/70 T:288 Latest messages: You are hit by an arrow. The arrow hits the gnome! The gnome is killed! You are caught in a bear trap. An arrow misses you. An arrow misses you. You are caught in a bear trap. You are caught in a bear trap. You are caught in a bear trap. You are caught in a bear trap. Your leg feels better. You are caught in a bear trap. You are caught in a bear trap. You are caught in a bear trap. You are caught in a bear trap. You are caught in a bear trap. You are caught in a bear trap. The kitten misses the gnome. You are caught in a bear trap. The kitten misses the gnome. You are hit by an arrow! You kill the gnome! You are caught in a bear trap. You finally wriggle free. The kitten eats a gnome corpse. You hit the gnome lord! You kill the gnome lord! You hear a G sharp squeak nearby. It is hit. t - a carrot. u - 2 oranges. You hear a G sharp squeak nearby. It is missed. It is missed. You are hit by a crossbow bolt. It is hit! v - a bow. You have a little trouble lifting a gnome lord corpse. Continue? [ynq] (q) n w - a scroll labeled EIRIS SAZUN IDISI. You are hit by a crossbow bolt. You are almost hit by a crossbow bolt. You kill the gnome! The air around you begins to shimmer with a golden haze. The dwarf wields a dagger! The dwarf picks up a thonged club. The dwarf wields a thonged club! You hear a nearby zap. The magic missile hits you! You die... Do you want your possessions identified? [ynq] (y) q Major events: Turn 1: Gandelf the neutral male human Monk entered the dungeon 5: killed for the first time 70: entered new level 2, The Dungeons of Doom 230: entered new level 1, The Gnomish Mines 230: entered the Gnomish Mines 232: gained experience level 2 248: entered new level 2, The Gnomish Mines 250: attained the rank of Novice (level 3) Inventory: Coins $ - 19 gold pieces Weapons v - a +0 bow r - a blessed +0 aklys n - a blessed +0 mace Armor a - an uncursed +2 pair of leather gloves (being worn) b - a blessed +1 robe (being worn) Comestibles m - 2 uncursed slime molds h - 5 uncursed apples t - an uncursed carrot q - 2 uncursed cream pies g - 3 uncursed food rations j - 3 uncursed fortune cookies i - 5 uncursed oranges u - 2 uncursed oranges l - an uncursed lichen corpse o - an uncursed lichen corpse Scrolls d - an uncursed scroll of genocide k - an uncursed scroll of identify p - an uncursed scroll of light w - an uncursed scroll of teleportation Spellbooks c - a blessed spellbook of protection Potions e - a blessed potion of healing f - 2 uncursed potions of healing Tools s - an uncursed partly used tallow candle (lit) Gandelf the Monk's attributes: Background: You were a Novice, a level 3 male human Monk. You were neutral, on a mission for Chih Sung-tzu who was opposed by Shan Lai Ching (lawful) and Huan Ti (chaotic). You were in the Gnomish Mines, on level 4. You entered the dungeon 288 turns ago. It was nighttime. There was a full moon in effect when your adventure ended. You had 70 experience points, 10 more were needed to attain level 4. Your score was 449 before end-of-game adjustments. Basics: You had 0 out of 23 hit points. You had 5 out of 10 energy points (spell power). Your armor class was 2. Your wallet contained 19 zorkmids. Autopickup was off. Final Characteristics: Your strength was 18 (limit:18/100). Your dexterity was 13 (limit:18). Your constitution was 9 (limit:18). Your intelligence was 11 (limit:18). Your wisdom was 14 (limit:18). Your charisma was 10 (limit:18). Final Status: You were not hungry. You were unencumbered. You were empty handed. You had basic skill with martial arts. Final Attributes: You were fervently aligned. You were sleep resistant. You were poison resistant. You saw invisible. You had a small defense bonus (+2). You were guarded. You were fast. You were lucky. You are dead. Miscellaneous: You never encountered a bones level. Total elapsed playing time was 2 minutes and 46 seconds. Vanquished creatures: 3 gnome leaders 4 gnomes a kobold a goblin 2 lichens 3 newts 14 creatures vanquished. No species were genocided or became extinct. Voluntary challenges: You went without food. You were an atheist. You never hit with a wielded weapon. You were illiterate. You never engraved Elbereth. You never genocided any monsters. You never polymorphed an object. You never changed form. You used no wishes. Achievements: You entered the Gnomish Mines. You attained the rank of Novice. The Dungeons of Doom: levels 1 to 2 Level 1: A sink, a grave. Level 2: Stairs down to The Gnomish Mines. The Gnomish Mines: levels 3 to 4 Level 3: Level 4: <- You were here. Final resting place for you, killed by a magic missile. Game over: ---------- / \ / REST \ / IN \ / PEACE \ / \ | Gandelf | | 19 Au | | killed by a | | magic missile | | | | | | 2022 | *| * * * | * _________)/\\_//(\/(/\)/\//\/|_)_______ Goodbye Gandelf the Monk... You died in The Gnomish Mines on dungeon level 4 with 448 points, and 19 pieces of gold, after 288 moves. You were level 3 with a maximum of 23 hit points when you died.